 Dungeon Crawl Stone Soup version 0.26-a0-818-g75db068ed4 (webtiles) character file.

Game seed: 13721220667509704918

4 dickylongcocking the Scratcher (level 1, 0/10 HPs)
             Began as a Felid Fighter on Nov 14, 2020.
             Slain by a bat (1 damage)
             ... on level 1 of the Dungeon.
             The game lasted 00:00:07 (139 turns).

dickylongcocking the Scratcher (Felid Fighter)       Turns: 139, Time: 00:00:08

Health: 0/10       AC:  1    Str: 12    XL:     1   Next: 50%
Magic:  2/2        EV: 19    Int:  9    God:
Gold:   0          SH:  0    Dex: 15    Spells: 0/0 levels left
                                        Lives:  0   Deaths: 0

rFire    . . .     SeeInvis +     - Unarmed
rCold    . . .     Faith    .   (shield unavailable)
rNeg     . . .     Spirit   .   (armour unavailable)
rPois    .         Reflect  .   (helmet unavailable)
rElec    .         Harm     .   (cloak unavailable)
rCorr    .         Rampage  .   (gloves unavailable)
MR       .....                  (boots unavailable)
Stlth    +.........             (no amulet)
HPRegen  0.03/turn              (no ring)
MPRegen  0.08/turn              (no ring)

@: very slow
A: very small, no armour, no weapons or thrown items, stealth, claws 1, fangs 3,
see invisible, speed 1, shaggy fur 1, sharp paws
a: no special abilities


You were on level 1 of the Dungeon.
You visited 1 branch of the dungeon, and saw 1 of its levels.

Inventory:

Potions
 a - a potion of might
 b - a potion of brilliance {unknown}
 c - a potion of ambrosia {unknown}


   Skills:
 + Level 3.0 Fighting
 + Level 4.1 Dodging
 + Level 4.1 Unarmed Combat


You couldn't memorise any spells.
You didn't know any spells.
Your spell library was empty.

Dungeon Overview and Level Annotations

Branches:
Dungeon (1/15)

Altars:
Xom


Innate Abilities, Weirdness & Mutations

You cannot wear armour.
You are incapable of wielding weapons or throwing items.
Your paws allow you to move quietly. (Stealth)
You have sharp claws.
You have razor-sharp teeth.
You have supernaturally acute eyesight. (SInv)
You cover ground quickly.
You are covered in fur. (AC +1)
Your sharp claws are effective at attacking unaware monsters.


Message History

The frilled lizard misses you. The bat completely misses you.
The hobgoblin closely misses you.
You closely miss the frilled lizard. Your bite misses the frilled lizard.
The bat closely misses you. The frilled lizard bites you.
* * * LOW HITPOINT WARNING * * *
The hobgoblin completely misses you.
Your unstable footing causes you to fumble your attack.
The bat barely misses you. The frilled lizard barely misses you.
The hobgoblin closely misses you.
You scratch the frilled lizard.
You kill the frilled lizard!
The bat hits you but does no damage. The hobgoblin closely misses you.
Unknown command.
The bat hits you.
* * * LOW HITPOINT WARNING * * *
The hobgoblin splashes around in the water.
You enter the shallow water.
Moving in this stuff is going to be slow.
The bat closely misses you. The bat hits you.
You die...

#.........##.#
#....[....##.#######
##.........##.......#
#≈♣♣♣≈♣############.#
##♣≈≈PP≈≈♣# ##......#'#
♣♣≈≈≈PPPP≈≈# #..........
≈P≈≈≈≈≈≈≈≈♣###..........
≈≈≈≈≈≈≈b≈PP♣#...........
≈P≈≈≈≈≈@≈P≈≈≈.#+##'##...
≈≈≈≈≈≈PP.g≈≈♣... #.##...
≈P≈≈.≈≈....≈.....#.##...
.................#.##...
...........P≈P≈..#.#####
...≈≈≈≈≈≈≈≈≈♣♣♣# #.#####
#♣≈≈≈≈P≈≈≈P♣♣ #......
#♣♣≈≈♣≈≈≈≈≈ #######
♣♣♣♣♣♣♣♣##


You could see a hobgoblin and a bat.

Vanquished Creatures
  A goblin (D:1)
  A hobgoblin (D:1)
  A frilled lizard (D:1)
  A rat (D:1)
4 creatures vanquished.

Notes
Turn   | Place    | Note
-------+----------+-------------------------------------------
     0 | D:1      | dickylongcocking the Felid Fighter began the quest for the
                  | Orb.
     0 | D:1      | Reached XP level 1. HP: 10/10 MP: 2/2
     3 | D:1      | Found a shimmering altar of Xom.
   139 | D:1      | Slain by a bat

Illustrated notes

Levels and vault maps discovered:
D:1:      saegor_arrival_simple_a, layout_basic, serial_bayou_ford_a,
          hangedman_decor_slide_cut, grunt_decor_resistance, xom_teletrap_fun

Action                   || total
-------------------------++-------
Melee: Unarmed           ||    14
       Punch             ||     1
       Bite              ||     1
Armor: Skin              ||     1
Dodge: Dodged            ||    18

Table legend: (Time is in decaauts)
 A = Elapsed time spent in this place.
 B = Non-inter-level travel time spent in this place.
 C = Inter-level travel time spent in this place.
 D = Time resting spent in this place.
 E = Time spent auto-exploring this place.
 F = Levels seen in this place.
 G = Mean time per level.
                   A        B        C        D        E       F      G
               +--------+--------+--------+--------+--------+-----+--------+
         Total |    122 |    122 |      0 |      0 |     91 |   1 |  122.0 |
       Dungeon |    122 |    122 |      0 |      0 |     91 |   1 |  122.0 |
               +--------+--------+--------+--------+--------+-----+--------+

Top non-repeatable levels by time:
     D:1: 122 daAuts
